 Dungeon Crawl Stone Soup version 0.27-a0-909-g0721f309d1 (webtiles) character file.

Game seed: 8078506531447885346

10355 mhtbhm the Basher (level 11, -1/71 HPs)
             Began as a Gargoyle Berserker on Apr 8, 2021.
             Was a High Priest of Trog.
             Slain by a sixfirhy (3 damage)
             ... in a Gauntlet.
             The game lasted 00:15:21 (13546 turns).

mhtbhm the Basher (Gargoyle Berserker)             Turns: 13546, Time: 00:15:24

Health: -1/71      AC: 24    Str: 27    XL:     11   Next: 60%
Magic:  11/11      EV: 10    Int:  8    God:    Trog [*****.]
Gold:   990        SH:  0    Dex:  9    Spells: 10/10 levels left

rFire    . . .     SeeInvis +   a - +0 dire flail (drain)
rCold    . . .     Faith    .   (shield currently unavailable)
rNeg     + + .     Spirit   .   b - +0 chain mail
rPois    ∞         Reflect  .   K - +2 hat "Aziyciy" {rElec rN+ Str+3}
rElec    +         Harm     .   (no cloak)
rCorr    .         Rampage  .   f - +0 pair of gloves
Will     +....     NoTele   +   i - +0 pair of boots
Stlth    ..........             h - amulet of the acrobat
HPRegen  0.21/turn              (no ring)
MPRegen  0.12/turn              (no ring)

@: on berserk cooldown, hasted and slowed
A: AC +8, negative energy resistance 1, electricity resistance, torment
resistance 1, unbreathing 1, petrification resistance, see invisible,
strong-willed 1
a: Renounce Religion, Berserk, Trog's Hand, Brothers in Arms


You were in a Gauntlet.
You worshipped Trog.
Trog was extremely pleased with you.
You visited 2 branches of the dungeon, and saw 11 of its levels.
You also visited: Sewer, Ossuary and Gauntlet.

You collected 990 gold pieces.

Inventory:

Hand Weapons
 a - a +0 dire flail of draining (weapon)
Missiles
 y - 5 curare-tipped darts
Armour
 b - a +0 chain mail (worn)
 f - a +0 pair of gloves (worn)
 i - a +0 pair of boots (worn)
 K - the +2 hat "Aziyciy" (worn) {rElec rN+ Str+3}
   (You found it in a Gauntlet)

   It affects your strength (+3).
   It insulates you from electricity.
   It protects you from negative energy.
Jewellery
 h - an amulet of the acrobat (around neck)
 B - an amulet of magic regeneration
 E - a ring of wizardry
 F - a ring of protection from cold
 G - an amulet of guardian spirit
 H - an amulet of faith
Wands
 q - a wand of iceblast (7)
 D - a wand of random effects (24)
 I - a wand of digging (2)
 J - a wand of polymorph (10)
Scrolls
 c - a scroll of summoning
 e - 4 scrolls of enchant weapon
 m - 2 scrolls of blinking
 n - 3 scrolls of teleportation
 p - a scroll of immolation
 v - a scroll of holy word
 w - a scroll of fog {unknown}
 x - a scroll of silence
Potions
 d - 2 potions of mutation
 g - 3 potions of flight
 j - 4 potions of attraction
 k - a potion of might {unknown}
 l - 3 potions of heal wounds {unknown}
 o - 3 potions of lignification
 s - 2 potions of invisibility {unknown}
 t - a potion of cancellation {unknown}
 u - 5 potions of haste
 z - 2 potions of ambrosia {unknown}
 A - a potion of magic {unknown}
 C - 2 potions of resistance {unknown}


   Skills:
 + Level 9.3 Fighting
 + Level 12.2 Maces & Flails
 + Level 9.3 Armour
 + Level 5.6 Dodging
 + Level 2.2 Stealth
 + Level 1.1 Evocations


You had 10 spell levels left.
You didn't know any spells.
Your spell library was empty.

Dungeon Overview and Level Annotations

Branches:
Dungeon (9/15)             Temple (0/1) D:7            Lair (2/6) D:9
  Sewer (visited)         Ossuary (visited)         Gauntlet (1/1)
  Swamp: Lair:2-4    Shoals: Lair:2-4     Snake: Lair:2-4    Spider: Lair:2-4
    Orc: D:9-12

Altars:
Ashenzari
Cheibriados
Dithmenos
Fedhas
Kikubaaqudgha
Okawaru
Qazlal
Sif Muna
Trog
Vehumet
Wu Jian
Xom
Yredelemnul

Shops:
D:2 :::(

Annotations:
Gauntlet 7 transporters, 2 runed translucent doors


Innate Abilities, Weirdness & Mutations

Your stone body is resilient. (AC +8)
You are immune to poison.
You resist negative energy. (rN+)
You are resistant to electric shocks. (rElec)
You are resistant to unholy torment.
You can survive without breathing.
You are immune to petrification.
You have supernaturally acute eyesight. (SInv)
You are strong-willed. (Will+)


Message History

The sixfirhy hits you but does no damage.
You miss the sixfirhy.
The sixfirhy hits you but does no damage.
Unknown command.
You puncture the sixfirhy!
The sixfirhy is lightly wounded.
The sixfirhy barely misses you.
You closely miss the sixfirhy.
The sixfirhy is lightly wounded.
The sixfirhy hits you but does no damage. x2
Unknown command.
The sixfirhy misses you.
The sixfirhy hits you but does no damage.
You feel a strong urge to attack something.
The sixfirhy completely misses you.
Found a phial of floods.
Found a transporter.
You see here a ruby potion.
You are no longer berserk.
You are exhausted.
You feel yourself slow down. The sixfirhy completely misses you.
The sixfirhy hits you but does no damage.
The sixfirhy hits you.
* * * LOW HITPOINT WARNING * * *
The sixfirhy shocks you. You resist.
* * * LOW HITPOINT WARNING * * *
There is a transporter here.
Okay, then.
It was a potion of haste.
You feel yourself speed up. The sixfirhy barely misses you.
The sixfirhy closely misses you. The sixfirhy hits you.
* * * LOW HITPOINT WARNING * * *
The sixfirhy shocks you. You resist.
* * * LOW HITPOINT WARNING * * *
The sixfirhy hits you but does no damage.
The sixfirhy hits you.
* * * LOW HITPOINT WARNING * * *
The sixfirhy shocks you. You resist.
* * * LOW HITPOINT WARNING * * *
The sixfirhy hits you.
You die...

8.#.###+#.#..#..#.#.
.#..#.h.EER.#..#.#.#.#
#..#########..#......
#..........#..#######
##..#########..#......
#≈..#.....###..#......
##..#.##.####..#..##≈#
#≈..#}##3...#..#..≈###
##..#@#.©3#.#©.#..## #
#≈..#333.##.#..#..≈# #
##..####.##.####..## #
#≈..# .....#.....≈# #
##§.# #######....### #
#§... §........#≈#
##... .......#≈###
#≈#§#§#≈#≈#≈### ######


You could see 3 sixfirhies, a fire elemental and a hell hound.

Vanquished Creatures
  3 hydras
  A tengu warrior (Gauntlet)
  Sonja (Lair:1)
  A cane toad (Lair:1)
  An eye of devastation (Gauntlet)
  A kobold demonologist (D:9)
  2 komodo dragons
  A tengu conjurer (Gauntlet)
  A polar bear (Lair:1)
  A golden eye (Gauntlet)
  Grum (D:9)
  A steam dragon (D:8)
  Edmund (D:6)
  An acid dragon (D:9)
  4 water moccasins
  3 ice beasts
  An orc warrior (D:9)
  A black bear (D:6)
  2 necrophages
  2 ogres
  2 wolves (D:9)
  3 centaurs
  A kobold brigand (D:7)
  3 bullfrogs
  A scorpion (D:5)
  7 water moccasin zombies (Ossuary)
  14 killer bees (D:8)
  5 electric eels
  8 howler monkeys
  2 centaur zombies
  A jelly (D:5)
  5 orc priests
  A bullfrog skeleton (D:4)
  2 centaur skeletons (D:6)
  4 hounds
  6 iguanas
  12 orc wizards
  2 mummies (Ossuary)
  4 gnolls
  6 adders
  9 river rats
  2 ufetubi
  5 adder zombies (Ossuary)
  5 worms
  9 dart slugs
  26 orcs
  11 ball pythons
  4 bats
  5 endoplasms
  4 giant cockroaches
  3 gnoll zombies (Ossuary)
  2 goblins
  6 hobgoblins
  10 jackals
  3 quokkas
  9 frilled lizards
  4 hobgoblin zombies (Ossuary)
  8 kobolds
  3 kobold zombies (Ossuary)
  11 orc zombies (Ossuary)
  11 rats
269 creatures vanquished.

Vanquished Creatures (others)
  A dart slug (D:6)
  11 plants
12 creatures vanquished.

Grand Total: 281 creatures vanquished

Notes
Turn   | Place    | Note
-------+----------+-------------------------------------------
     0 | D:1      | mhtbhm the Gargoyle Berserker began the quest for the Orb.
     0 | D:1      | Reached XP level 1. HP: 14/14 MP: 1/1
    16 | D:1      | Found a faded altar of an unknown god.
   185 | D:1      | Reached XP level 2. HP: 19/19 MP: 2/2
   960 | D:2      | Found Qyrghu's Book Emporium.
   964 | D:2      | Noticed a necrophage
   974 | D:2      | Killed a necrophage
   975 | D:2      | Reached skill level 4 in Maces & Flails
   975 | D:2      | Reached XP level 3. HP: 21/24 MP: 3/3
   975 | D:2      | Reached XP level 4. HP: 27/30 MP: 4/4
  1081 | D:2      | Found Buobom's Book Emporium.
  1139 | D:2      | Reached XP level 5. HP: 34/34 MP: 5/5
  1227 | D:2      | Found Noicov's Book Emporium.
  1278 | D:2      | You fall into a shaft and drop 2 floors!
  1296 | D:4      | Reached ** piety under Trog
  1367 | D:3      | Gained mutation: You are strong-willed. (Will+) [potion of
                  | mutation]
  1367 | D:3      | Gained mutation: You have supernaturally acute eyesight.
                  | (SInv) [potion of mutation]
  1573 | D:3      | HP: 2/51 [river rat (1)]
  1753 | D:3      | Found a glowing drain.
  1761 | Sewer    | Entered a sewer
  2075 | Sewer    | Reached XP level 6. HP: 36/39 MP: 6/6
  2276 | Sewer    | Reached skill level 5 in Maces & Flails
  3315 | D:2      | Found Lyduoh's Antique Weapon Shop.
  3398 | D:2      | Reached *** piety under Trog
  3900 | D:4      | Found a bloodstained altar of Trog.
  3921 | D:4      | Noticed a necrophage
  3931 | D:4      | Killed a necrophage
  3932 | D:4      | Reached skill level 5 in Fighting
  3932 | D:4      | Reached XP level 7. HP: 41/44 MP: 7/7
  4046 | D:4      | Reached skill level 6 in Maces & Flails
  4588 | D:5      | Entered Level 5 of the Dungeon
  4612 | D:5      | Found a basalt altar of Yredelemnul.
  4675 | D:5      | Found a sand-covered staircase.
  4685 | Ossuary  | Entered an ossuary
  4865 | Ossuary  | Reached **** piety under Trog
  5145 | Ossuary  | Reached XP level 8. HP: 39/50 MP: 8/8
  5152 | Ossuary  | Reached skill level 7 in Maces & Flails
  5793 | D:5      | Found a stormy altar of Qazlal.
  5800 | D:5      | Found a snail-covered altar of Cheibriados.
  5954 | D:5      | Found an ornate altar of the Wu Jian Council.
  5991 | D:5      | Found a shimmering altar of Xom.
  6209 | D:5      | Found a radiant altar of Vehumet.
  6230 | D:5      | Found an ancient bone altar of Kikubaaqudgha.
  6237 | D:5      | Reached skill level 8 in Maces & Flails
  6241 | D:5      | Found a shimmering blue altar of Sif Muna.
  6310 | D:5      | Found a broken altar of Ashenzari.
  6633 | D:6      | Noticed Edmund
  6641 | D:6      | Killed Edmund
  6642 | D:6      | Reached skill level 5 in Armour
  6846 | D:6      | Reached XP level 9. HP: 56/56 MP: 9/9
  7666 | D:6      | Reached ***** piety under Trog
  8425 | D:7      | Reached skill level 9 in Maces & Flails
  8550 | D:7      | Reached skill level 1 in Stealth
  8560 | D:7      | Found an iron altar of Okawaru.
  8588 | D:7      | Found a staircase to the Ecumenical Temple.
  8691 | D:7      | Found a blossoming altar of Fedhas.
  8838 | D:7      | Found a shadowy altar of Dithmenos.
  9347 | D:8      | Reached XP level 10. HP: 56/64 MP: 10/10
  9889 | D:8      | Reached skill level 5 in Dodging
 10097 | D:8      | Identified the +0 ring mail "Tatavu" {Contam Harm rN+}
 10343 | D:9      | Reached skill level 10 in Maces & Flails
 10681 | D:9      | Found a staircase to the Lair.
 10959 | D:9      | Noticed Grum
 10972 | D:9      | Killed Grum
 11047 | D:9      | Noticed a kobold demonologist
 11059 | D:9      | Killed a kobold demonologist
 11489 | Lair:1   | Entered Level 1 of the Lair of Beasts
 11623 | Lair:1   | Noticed a six-headed hydra
 11633 | Lair:1   | Killed a six-headed hydra
 11634 | Lair:1   | Reached skill level 11 in Maces & Flails
 12312 | Lair:1   | Noticed a cane toad
 12318 | Lair:1   | Killed a cane toad
 12319 | Lair:1   | Reached XP level 11. HP: 63/69 MP: 11/11
 12382 | Lair:1   | Noticed Sonja
 12454 | Lair:1   | Killed Sonja
 12879 | Lair:2   | Noticed a five-headed hydra
 12888 | Lair:2   | Killed a five-headed hydra
 12914 | Lair:2   | Noticed a four-headed hydra
 12924 | Lair:2   | Killed a four-headed hydra
 13038 | Lair:2   | Reached skill level 12 in Maces & Flails
 13086 | Lair:2   | Found a gate leading to a gauntlet.
 13097 | Gauntlet | Entered a Gauntlet
 13097 | Gauntlet | Found a transporter.
 13097 | Gauntlet | Found a transporter.
 13097 | Gauntlet | Noticed a large abomination
 13162 | Gauntlet | Found a transporter.
 13164 | Gauntlet | Found a transporter.
 13166 | Gauntlet | Found a transporter.
 13211 | Gauntlet | Found a transporter.
 13214 | Gauntlet | Found a transporter.
 13214 | Gauntlet | Found a transporter.
 13218 | Gauntlet | Found a runed translucent door.
 13265 | Gauntlet | Noticed a tengu warrior
 13270 | Gauntlet | Found a transporter.
 13284 | Gauntlet | Found a transporter.
 13324 | Gauntlet | Killed a tengu warrior
 13325 | Gauntlet | Reached skill level 1 in Evocations
 13336 | Gauntlet | Identified the +2 hat "Aziyciy" {rElec rN+ Str+3}
 13424 | Gauntlet | Found a transporter.
 13428 | Gauntlet | Found a runed translucent door.
 13428 | Gauntlet | Noticed a fire crab
 13436 | Gauntlet | Noticed a sixfirhy
 13439 | Gauntlet | Noticed a sixfirhy
 13442 | Gauntlet | Noticed a sixfirhy
 13522 | Gauntlet | Found the +0 mask of the Dragon {Will+ Slay+3 SInv}
 13544 | Gauntlet | Found a transporter.
 13546 | Gauntlet | HP: 2/71 [sixfirhy (3)]
 13546 | Gauntlet | Slain by a sixfirhy

Illustrated notes

Levels and vault maps discovered:
D:1:      wander_arrival_lonely_grave, layout_basic,
          chequers_ecumenical_altar_simple_redux, interstate_on_off,
          minmay_misc_feat_tower
D:2:      layout_rooms, serial_shops, shop_coins, nicolae_shop_statue_plus,
          shop, nicolae_shop_overgrown_old_shop
D:3:      layout_loops_ring, lightli_sewer_entry_pipes
D:4:      layout_loops_ring, nicolae_overflow_crystal_walls,
          hangedman_decor_push
D:5:      layout_loops_ring, palyth_temple_overflow_mages,
          amcnicky_altar_gilded, ashenzari_conservatory_becter,
          kennysheep_mini_moat, kennysheep_mini, grunt_temple_overflow_open,
          chequers_ossuary_entry_cave, serial_bayou_lagoon_a,
          kennysheep_small_circle
D:6:      kennysheep_slugbush, layout_loops_corners, minmay_misc_feat_encased,
          uniq_edmund
D:7:      layout_cave_pools, fedhas_altar_1, general_overflow_altar,
          okawaru_gym_becter, minmay_temple_entry_gardened_gates,
          chequers_serial_rivers_room_a, chequers_decorated_corner,
          hangedman_decor_slide_cut
D:8:      layout_basic, eino_jars
D:9:      layout_loops_ring, lair_entry_dummy, minmay_fountain_box, uniq_grum
Lair:1:   layout_loops_ring, uniq_sonja
Lair:2:   layout_loops_ring, minmay_swamp_entry_worms, gauntlet_entry_generic,
          serial_bayou, serial_bayou_shore_b, serial_bayou_ford_a,
          serial_bayou_lake_a, serial_bayou_shore_b, serial_bayou_lagoon_b,
          serial_bayou_pond_e
Gauntlet: gammafunk_gauntlet_mixed_choke_point
          [minmay_gauntlet_arena_77_block_sizes,
          minmay_gauntlet_arena_77_checkered, minmay_gauntlet_arena_77_mess,
          gammafunk_gauntlet_arena_grid, minmay_gauntlet_arena_77_double_cross,
          minmay_gauntlet_arena_77_shame_cube,
          minmay_gauntlet_arena_77_p_blocks, gauntlet_exit_watery]

Skill      XL: |  1  2  3  4  5  6  7  8  9 10 11 |
---------------+----------------------------------+-----
Fighting       | 4 5 6 7 8 9 |  9.3
Maces & Flails | 4 5 6 8 9 11 12 | 12.2
Dodging        | 2 3 4 5 |  5.6
Armour         | 3 4 5 6 8 9 |  9.3
Stealth        | 1 2 |  2.2
Evocations     | 1 |  1.1

Action                   |  1- 3 |  4- 6 |  7- 9 | 10-12 || total
-------------------------+-------+-------+-------+-------++-------
Melee: Mace              |    34 |   312 |   311 |       ||   657
       Dire flail        |       |       |   244 |   336 ||   580
Invok: Berserk           |       |     4 |     6 |    10 ||    20
       Brothers in Arms  |       |       |       |     1 ||     1
Evoke: Wand              |       |       |       |     7 ||     7
  Use: Scroll            |       |     5 |    10 |     1 ||    16
       Potion            |       |     1 |       |     6 ||     7
Armor: Animal skin       |     8 |       |       |       ||     8
       Scale mail        |     2 |   159 |   243 |   108 ||   512
       Chain mail        |       |       |       |   239 ||   239
       Skin              |       |       |       |     4 ||     4
Dodge: Dodged            |    19 |   176 |   342 |   285 ||   822

Table legend: (Time is in decaauts)
 A = Elapsed time spent in this place.
 B = Non-inter-level travel time spent in this place.
 C = Inter-level travel time spent in this place.
 D = Time resting spent in this place.
 E = Time spent auto-exploring this place.
 F = Levels seen in this place.
 G = Mean time per level.
                   A        B        C        D        E       F      G
               +--------+--------+--------+--------+--------+-----+--------+
         Total |  13817 |  13680 |    137 |   2496 |   7938 |  14 |  986.9 |
       Dungeon |  10347 |  10210 |    137 |   1735 |   6396 |   9 | 1149.7 |
          Lair |   1620 |   1620 |      0 |    421 |    759 |   2 |  810.0 |
         Sewer |    712 |    712 |      0 |    186 |    303 |   1 |  712.0 |
       Ossuary |    686 |    686 |      0 |      0 |    480 |   1 |  686.0 |
      Gauntlet |    449 |    449 |      0 |    153 |      0 |   1 |  449.0 |
               +--------+--------+--------+--------+--------+-----+--------+

Top non-repeatable levels by time:
     D:6: 1639 daAuts
     D:5: 1533 daAuts
     D:3: 1449 daAuts
  Lair:1: 1316 daAuts
     D:8: 1207 daAuts
     D:9: 1180 daAuts
     D:1: 962 daAuts
     D:4: 957 daAuts
     D:2: 726 daAuts
   Sewer: 712 daAuts
     D:7: 692 daAuts
 Ossuary: 686 daAuts
Gauntlet: 449 daAuts
  Lair:2: 304 daAuts
